AoeStats
← Paradise

Black Forest

510544991Analyzed
4v4 RM · 1d ago on Oct 1, 2026· 42m 28s· 8 players
Game mode
Random Map
Map size
Large (8 player)
Population
200
Speed
Normal
Resources
Standard
Victory
Conquest
Starting age
Dark Age
Ending age
Imperial Age
RankedLock teamsTeams togetherTeam positionsShared explorationLock speedFull tech treeHidden civsTurbo modeCheats
Victory
Defeat
954
+14
🇵🇪 Byzantines · Peru
945
+14
🇹🇷 Malians · Türkiye
931
+15
🇬🇧 Spanish · United Kingdom
903
+15
🇮🇩 Teutons · Indonesia
941
-16
🇮🇳 Franks · India
894
-14
🇧🇷 Vietnamese · Brazil
886
-14
🇺🇸 Celts · United States
884
-14
ssss
11:04 Feudal Age
11:33 Double-Bit Axe
17:39 Castle Age
16:00 Scale Barding Armor
18:33 Husbandry
19:09 Bow Saw
26:30 Imperial Age
25:59 Wheelbarrow
25:32 Husbandry
26:21 Elite Skirmisher
27:40 Loom
29:05 Hand Cart
30:32 Conscription
30:48 Gold Mining
31:19 Cavalier
33:09 Chain Barding Armor
33:00 Forging
34:41 Padded Archer Armor
35:16 Paladin
36:37 Ballistics
36:12 Imperial Skirmisher
38:30 Fletching
39:34 Light Cavalry
42:16 Bodkin Arrow
一把菜刀
0:53 Loom
14:29 Feudal Age
16:39 Wheelbarrow
19:49 Castle Age
18:04 Double-Bit Axe
18:03 Horse Collar
23:49 Caravan
25:54 Pikeman
35:40 Imperial Age
35:28 Bow Saw
35:21 Heavy Plow
36:46 Heavy Scorpion
38:24 Ballistics
39:06 Chemistry
38:03 Murder Holes
38:51 Gold Mining
38:53 Stone Mining
Paradise
10:25 Feudal Age
8:41 Loom
13:22 Horse Collar
16:46 Castle Age
16:56 Wheelbarrow
25:41 Heavy Plow
31:32 Imperial Age
29:37 Hand Cart
29:18 Gold Mining
29:19 Stone Mining
29:17 Double-Bit Axe
29:56 Caravan
31:40 Stone Shaft Mining
31:33 Ballistics
31:25 Masonry
31:32 Forging
31:22 Scale Mail Armor
31:27 Scale Barding Armor
32:23 Bloodlines
31:35 Cavalier
32:34 Elite Teutonic Knight
33:35 Conscription
34:01 Iron Casting
33:42 Chain Mail Armor
34:32 Chemistry
33:42 Siege Engineers
34:23 Paladin
35:49 Bow Saw
37:51 Blast Furnace
38:17 Chain Barding Armor
39:29 Plate Mail Armor
42:41 Plate Barding Armor
宇将军
7:31 Loom
9:57 Feudal Age
16:46 Castle Age
14:35 Double-Bit Axe
14:32 Horse Collar
17:44 Bow Saw
17:36 Heavy Plow
17:41 Stone Mining
17:43 Gold Mining
25:28 Wheelbarrow
29:23 Imperial Age
27:29 Fletching
27:39 Padded Archer Armor
29:02 Hand Cart
29:02 Bodkin Arrow
29:40 Ballistics
30:05 Stone Shaft Mining
30:35 Bodkin Arrow
31:51 Chemistry
32:29 Crop Rotation
33:02 Two-Man Saw
32:40 Paper Money
32:34 Town Watch
35:54 Town Patrol
36:18 Bracer
36:34 Leather Archer Armor
39:10 Ring Archer Armor
39:50 Elite Skirmisher
Aegon the first of his name
0:29 Loom
12:23 Feudal Age
14:44 Horse Collar
14:58 Double-Bit Axe
17:16 Castle Age
15:57 Gold Mining
18:27 Bow Saw
18:53 Heavy Plow
19:08 Stone Mining
21:09 Wheelbarrow
21:29 Gold Shaft Mining
23:20 Hand Cart
28:14 Pikeman
29:00 Scale Mail Armor
29:12 Forging
31:51 Imperial Age
29:24 Squires
29:47 Caravan
30:35 Man-at-Arms
31:52 Chain Mail Armor
32:13 Iron Casting
32:02 Halberdier
32:13 Long Swordsman
34:09 Crop Rotation
35:05 Blast Furnace
34:10 Capped Ram
35:17 Conscription
36:29 Coinage
37:23 Comitatenses
42:02 Chemistry
41:23 Ballistics
Cerrahpaşalı Halit
1:01 Loom
10:08 Feudal Age
11:07 Double-Bit Axe
13:30 Horse Collar
20:10 Castle Age
22:09 Bow Saw
26:44 Heavy Plow
31:18 Imperial Age
29:36 Wheelbarrow
29:04 Gold Mining
30:17 Scale Mail Armor
30:27 Forging
31:25 Squires
31:11 Arson
30:48 Man-at-Arms
30:48 Pikeman
31:57 Long Swordsman
33:02 Chain Mail Armor
33:22 Iron Casting
33:16 Conscription
32:50 Two-Handed Swordsman
34:19 Plate Mail Armor
35:34 Champion
40:56 Hand Cart
Thermic_Marlin
9:30 Feudal Age
9:59 Double-Bit Axe
16:10 Castle Age
13:52 Horse Collar
14:54 Gold Mining
17:33 Bow Saw
21:15 Heavy Plow
26:29 Wheelbarrow
25:41 Town Watch
25:43 Loom
28:53 Imperial Age
28:12 Hand Cart
27:58 Town Patrol
28:17 Forging
28:12 Scale Barding Armor
28:23 Caravan
30:20 Iron Casting
30:05 Chain Barding Armor
31:08 Two-Man Saw
31:21 Chemistry
31:49 Bloodlines
31:00 Cavalier
31:40 Husbandry
32:57 Bombard Tower
34:48 Blast Furnace
34:24 Plate Barding Armor
33:53 Paladin
35:17 Ballistics
34:48 Guard Tower
Juminican
10:43 Loom
12:32 Feudal Age
10:48 Loom
14:28 Double-Bit Axe
14:28 Horse Collar
17:11 Castle Age
16:31 Stone Mining
16:36 Gold Mining
19:28 Bow Saw
24:10 Heavy Plow
25:47 Fletching
25:59 Scale Mail Armor
26:10 Forging
26:07 Scale Barding Armor
27:08 Wheelbarrow
30:06 Imperial Age
27:50 Arson
28:06 Squires
28:48 Chain Mail Armor
29:09 Iron Casting
30:28 Stone Shaft Mining
30:32 Gold Shaft Mining
30:38 Chain Barding Armor
31:14 Hand Cart
31:56 Conscription
31:47 Bodkin Arrow
32:23 Plate Mail Armor
33:42 Plate Barding Armor
33:36 Ballistics
33:14 Murder Holes
33:03 Elite Varangian Guard
35:13 Chemistry
35:01 Husbandry
34:22 Light Cavalry
35:16 Bracer
35:17 Padded Archer Armor
39:28 Hussar
41:25 Logistica
Connection lost

Rejoining the realm…

Still unreachable

The connection could not be restored.

Session expired

The server has moved on; the page needs a fresh start.